 Dungeon Crawl Stone Soup version 0.25.1-8-g42b30a86e7 (webtiles) character file.

Game seed: 17363414860546903144

751 Mattiprrivan the Magician (level 7, -1/52 HPs)
             Began as a Barachi Wizard on Dec 25, 2020.
             Was a Believer of Kikubaaqudgha.
             Engulfed by a cloud of noxious fumes (3 damage)
             ... on level 5 of the Dungeon on Dec 26, 2020.
             The game lasted 01:22:58 (7248 turns).

Mattiprrivan the Magician (Barachi Wizard)          Turns: 7248, Time: 01:22:58

Health: -1/52      AC:  9    Str: 11    XL:     7   Next: 78%
Magic:  6/13       EV: 16    Int: 18    God:    Kikubaaqudgha [**....]
Gold:   62         SH:  0    Dex: 10    Spells: 4/14 levels left

rFire    . . .     SeeInvis +   e - +1 whip
rCold    . . .     Gourm    .   (no shield)
rNeg     . . .     Faith    .   m - +0 leather armour
rPois    .         Spirit   .   b - +0 hat
rElec    .         Reflect  .   (no cloak)
rCorr    .         Harm     .   (no gloves)
MR       .....                  (no boots)
Stlth    +.........             (no amulet)
HPRegen  0.17/turn              g - +4 ring of protection
MPRegen  0.13/turn              t - +4 ring of evasion

@: confused, slow
A: +LOS, swims, large bone plates 1, slimy green scales 1, see invisible,
slowness 1, evolution 1, strong legs 1
a: Hop, Receive Corpses, Renounce Religion


You were on level 5 of the Dungeon.
You worshipped Kikubaaqudgha.
Kikubaaqudgha was pleased with you.
You were not hungry.

You visited 1 branch of the dungeon, and saw 5 of its levels.

You collected 146 gold pieces.
You spent 84 gold pieces at shops.

Inventory:

Hand Weapons
 d - a +0 short sword
 e - a +1 whip (weapon)
 l - a +0 quarterstaff
Missiles
 c - 5 boomerangs
 i - 15 poisoned darts
 j - 6 datura-tipped darts
 k - 7 javelins (quivered)
Armour
 a - a +0 robe
 b - a +0 hat (worn)
 m - a +0 leather armour (worn)
Jewellery
 g - a +4 ring of protection (left hand)
 t - a +4 ring of evasion (right hand)
Wands
 n - a wand of enslavement (2)
Scrolls
 p - 2 scrolls of remove curse
 s - 2 scrolls of blinking
Potions
 f - 2 potions of mutation
 o - 2 potions of brilliance
Comestibles
 r - 4 rations


   Skills:
 * Level 3.5 Fighting
 * Level 1.5 Short Blades
 * Level 2.3(2.5) Maces & Flails
 * Level 1.2(2.0) Staves
 * Level 2.9 Throwing
 * Level 2.3 Armour
 * Level 3.1 Dodging
 * Level 2.9 Stealth
 * Level 4.1 Spellcasting
 * Level 2.2 Conjurations
 + Level 1.5 Summonings
 * Level 1.1 Necromancy
   Level 1.1 Translocations
 * Level 2.1 Air Magic
 * Level 1.5 Poison Magic


You had 4 spell levels left.
You knew the following spells:

 Your Spells              Type           Power        Failure   Level  Hunger
a - Magic Dart            Conj           ##..         8%          1    None
b - Call Imp              Summ           #.......     16%         2    ##.....
c - Mephitic Cloud        Conj/Pois/Air  ##......     26%         3    ###....
d - Vampiric Draining     Necr           #.........   36%         3    ###....
e - Animate Skeleton      Necr           N/A          12%         1    None

Your spell library contained the following spells:

 Spells                   Type           Power        Failure   Level  Hunger
 Pain                     Necr           #...         12%         1    None
 Blink                    Tloc           N/A          19%         2    ##.....
 Sublimation of Blood     Necr           #.........   19%         2    ##.....
 Slow                     Hex            #.......     28%         2    ##.....
 Conjure Flame            Conj/Fire      #.......     36%         3    ###....


Dungeon Overview and Level Annotations

Branches:
Dungeon (5/15)             Temple (0/1) D:4

Altars:
Ashenzari
Hepliaklqana
Kikubaaqudgha
Okawaru
Ru
Trog

Shops:
D:5 }

Annotations:
D:5 Gabide's ghost, novice DrGl


Innate Abilities, Weirdness & Mutations

You can be seen from farther away. (+LOS)
You can swim through water.
You cover ground slowly.
You can hop short distances.
You are partially covered in large bone plates. (SH +4)
You are partially covered in slimy green scales. (AC +2)
You have supernaturally acute eyesight. (SInv)
You evolve.


Message History

Aiming: Mephitic Cloud (dangerous; 26% risk of failure)
Press: ? - help, Shift-Dir - straight line, f/p - Gabide's ghost
Aim: Gabide's ghost (lightly damaged) That beam is likely to hit you.
Continue anyway?
The ball explodes into a vile cloud!
The stinking cloud engulfs Gabide's ghost but does no damage.
Gabide's ghost is lightly damaged.
The stinking cloud engulfs the kobold but does no damage.
The stinking cloud engulfs the big kobold but does no damage.
The big kobold is heavily wounded.
The stinking cloud engulfs you but does no damage.
The kobold is engulfed in noxious fumes.
The kobold appears confused.
The kobold misses Gabide's ghost.
The big kobold barely misses the big kobold.
You block Gabide's ghost's attack.
Really walk into that cloud of noxious fumes?
You are engulfed in noxious fumes.
You choke on the stench!
You are confused.
You die...
Kikubaaqudgha rasps: "You have failed me!
Welcome... death!"

####.#.##...##..(..###
#.#.###...##'')##.##.
# #. ##.............
.. # ####..[#.#####
### # #.Z..)Z..#
.....####K###
........KK#
#########W#
........@.#
###########


You could see 2 big kobolds, Gabide's ghost and a hound skeleton.

Vanquished Creatures
  Menkaure (D:4)
  3 wights (D:5)
  2 hounds
  An orc wizard (D:4)
  2 orc priests (D:5)
  2 bullfrog skeletons
  An iguana (D:4)
  A worker ant (D:4)
  2 hound skeletons
  3 gnolls (D:4)
  5 adders
  An ooze (D:3)
  2 worms (D:2)
  A dart slug (D:1)
  5 leopard geckos
  10 orcs
  3 bat skeletons (D:2)
  A bat zombie (D:2)
  5 giant cockroaches
  3 goblins
  8 hobgoblins
  4 jackals (D:5)
  5 quokkas
  A ball python (D:3)
  12 bats
  6 frilled lizards
  7 kobolds
  5 rats
102 creatures vanquished.

Vanquished Creatures (collateral kills)
  A scorpion (D:4)
  A vampire bat (D:2)
  An orc priest (D:4)
  A hound zombie (D:5)
  An adder (D:3)
  A worm (D:4)
  An orc (D:4)
  A bat (D:2)
  A bat skeleton (D:2)
  A bat zombie (D:2)
  A giant cockroach (D:2)
  A hobgoblin (D:1)
  A ball python (D:2)
  2 kobolds
15 creatures vanquished.

Vanquished Creatures (others)
  A kobold (D:5)
1 creature vanquished.

Grand Total: 118 creatures vanquished

Notes
Turn   | Place    | Note
-------+----------+-------------------------------------------
     0 | D:1      | Mattiprrivan the Barachi Wizard began the quest for the
                  | Orb.
     0 | D:1      | Reached XP level 1. HP: 13/13 MP: 4/4
   747 | D:1      | Reached XP level 2. HP: 11/20 MP: 3/6
   751 | D:1      | Learned a level 2 spell: Call Imp
  1780 | D:2      | Reached XP level 3. HP: 25/25 MP: 8/8
  1785 | D:2      | Learned a level 3 spell: Mephitic Cloud
  2048 | D:2      | Reached skill level 1 in Throwing
  2358 | D:2      | Found an ancient bone altar of Kikubaaqudgha.
  2402 | D:2      | Became a worshipper of Kikubaaqudgha
  2407 | D:2      | Reached skill level 1 in Fighting
  2407 | D:2      | Reached XP level 4. HP: 17/32 MP: 6/9
  2615 | D:2      | Gained mutation: You are partially covered in slimy green
                  | scales. (AC +2) [potion of mutation]
  2615 | D:2      | Gained mutation: You have supernaturally acute eyesight.
                  | (SInv) [potion of mutation]
  2615 | D:2      | Gained mutation: You evolve. [potion of mutation]
  2919 | D:2      | Reached skill level 1 in Armour
  3531 | D:3      | Found an iron altar of Okawaru.
  3605 | D:3      | Gained mutation: You are partially covered in large bone
                  | plates. (SH +4) [evolution]
  3923 | D:3      | Found a shattered altar of Ashenzari.
  3968 | D:3      | Reached skill level 1 in Maces & Flails
  4007 | D:3      | Reached XP level 5. HP: 17/37 MP: 7/10
  4504 | D:3      | Reached skill level 1 in Short Blades
  4823 | D:3      | Reached * piety under Kikubaaqudgha
  4823 | D:3      | Identified Kikubaaqudgha's Grimoire of Sinister Rituals
                  | (Kikubaaqudgha gifted it to you on level 3 of the Dungeon)
  4823 | D:3      | Received a gift from Kikubaaqudgha
  4829 | D:3      | Learned a level 3 spell: Vampiric Draining
  5458 | D:4      | Reached skill level 4 in Spellcasting
  5458 | D:4      | Reached skill level 1 in Air Magic
  5486 | D:4      | Reached skill level 1 in Staves
  5486 | D:4      | Reached XP level 6. HP: 43/43 MP: 12/12
  5491 | D:4      | Found a staircase to the Ecumenical Temple.
  5518 | D:4      | HP: 2/43 [orc priest/divine providence (14)]
  6051 | D:4      | Reached skill level 1 in Necromancy
  6164 | D:4      | Noticed Menkaure
  6193 | D:4      | Killed Menkaure
  6193 | D:4      | Reached skill level 1 in Poison Magic
  6193 | D:4      | Reached XP level 7. HP: 23/50 MP: 6/13
  6435 | D:4      | Found a hazy altar of Hepliaklqana.
  6489 | D:4      | Found a bloodstained altar of Trog.
  6644 | D:5      | Entered Level 5 of the Dungeon
  6646 | D:5      | Found a sacrificial altar of Ru.
  6775 | D:5      | Learned a level 1 spell: Animate Skeleton
  6795 | D:5      | Found Kamp's Gadget Emporium.
  6806 | D:5      | Bought a wand of enslavement (5) for 84 gold pieces
  6844 | D:5      | Reached ** piety under Kikubaaqudgha
  7223 | D:5      | Found a runed translucent gate.
  7223 | D:5      | Found a runed translucent gate.
  7223 | D:5      | Found a runed translucent gate.
  7224 | D:5      | Noticed Gabide's ghost (novice DrGl)
  7245 | D:5      | HP: 1/52 [Gabide's ghost (9)]
  7248 | D:5      | Engulfed by a cloud of noxious fumes

Illustrated notes

Levels and vault maps discovered:
D:1:      dpeg_arrival_rooms_b, layout_basic
D:2:      layout_basic, kennysheep_vampire_church, st_stairs_6
D:3:      layout_basic, nicolae_ashenzari_panopticon, first_ration,
          okawaru_ov_weapons_minmay
D:4:      layout_basic, marbit_many_paths, kennysheep_mini,
          minmay_temple_entry_grid, uniq_menkaure
D:5:      layout_loops_ring, nicolae_overflow_hidden_temple,
          nicolae_ru_awakened_eye, serial_shops, shop_fountains,
          gammafunk_ghost_nasty_kobolds

Skill      XL: |  1  2  3  4  5  6  7 |
---------------+----------------------+-----
Throwing       | 1 2 |  2.9
Stealth        | 2 |  2.9
Fighting       | 1 2 3 |  3.5
Armour         | 1 2 |  2.3
Maces & Flails | 1 2 |  2.3
Short Blades   | 1 |  1.5
Spellcasting   | 4 |  4.1
Air Magic      | 1 2 |  2.1
Staves         | 1 |  1.2
Dodging        | 3 |  3.1
Conjurations   | 2 |  2.2
Necromancy     | 1 |  1.1
Poison Magic   | 1 |  1.5
Summonings     | |  1.5
Translocations | |  1.1

Action                   |  1- 3 |  4- 6 |  7- 9 || total
-------------------------+-------+-------+-------++-------
Melee: Whip              |    61 |   138 |    49 ||   248
Throw: Stone             |    47 |       |       ||    47
       Javelin           |    14 |       |    11 ||    25
       Dart              |    12 |   148 |     5 ||   165
       Boomerang         |       |     1 |       ||     1
 Cast: Magic Dart        |    11 |       |       ||    11
       Call Imp          |    13 |    11 |       ||    24
       Mephitic Cloud    |       |     1 |     6 ||     7
       Animate Skeleton  |       |       |     3 ||     3
 Abil: Hop               |     1 |       |       ||     1
Evoke: Wand              |       |       |     3 ||     3
  Use: Scroll            |     3 |     8 |     1 ||    12
       Potion            |     1 |     3 |     2 ||     6
 Stab: Sleeping          |     2 |       |       ||     2
       Distracted        |     1 |       |     1 ||     2
  Eat: Ration            |     3 |     5 |       ||     8
Armor: Robe              |    60 |     1 |       ||    61
       Leather armour    |       |    41 |     8 ||    49
Dodge: Dodged            |   143 |    90 |    36 ||   269
Block: Other             |       |    17 |     8 ||    25
